 Dungeon Crawl Stone Soup version 0.28-a0-535-g6f645e4c1d (webtiles) character file.

Game seed: 12966554605428794435

8 tatocazan the Skirmisher (level 2, 24/24 HPs)
             Began as a Demonspawn Fighter on Sept 26, 2021.
             Quit the game on level 1 of the Dungeon.
             The game lasted 00:00:10 (182 turns).

tatocazan the Skirmisher (Demonspawn Fighter)        Turns: 182, Time: 00:00:11

Health: 24/24      AC:  6    Str: 16    XL:     2   Next: 0%
Magic:  2/2        EV:  9    Int:  9    God:
Gold:   9          SH:  4    Dex: 12    Spells: 1/1 levels left

rFire   . . .      SeeInvis .   a - +0 war axe
rCold   . . .      Faith    .   c - +0 buckler
rNeg    . . .      Spirit   .   b - +0 scale mail
rPois   .          Reflect  .   (no helmet)
rElec   .          Harm     .   (no cloak)
rCorr   .          Rampage  .   (no gloves)
Will    .....                   (no boots)
Stlth   ..........              (no amulet)
HPRegen 0.08/turn               (no ring)
MPRegen 0.08/turn               (no ring)

@: no status effects
A: claws 1
a: no special abilities


You were on level 1 of the Dungeon.
You visited 1 branch of the dungeon, and saw 1 of its levels.

You collected 9 gold pieces.

Inventory:

Hand Weapons
 a - a +0 war axe (weapon)
Missiles
 e - a throwing net (quivered)
Armour
 b - a +0 scale mail (worn)
 c - a +0 buckler (worn)
Potions
 d - a potion of might


   Skills:
 + Level 3.1 Fighting
 + Level 2.0 Axes
 + Level 2.8 Armour
 + Level 2.8 Shields


You had one spell level left.
You didn't know any spells.
Your spell library was empty.

Dungeon Overview and Level Annotations

Branches:
Dungeon (1/15)

Altars:


Innate Abilities, Weirdness & Mutations

You have sharp fingernails.


Message History

The goblin shouts!
You block the rat's attack.
You barely miss the rat. The rat bites you but does no damage.
The rat barely misses you.
You barely miss the rat. The rat barely misses you.
You slash the goblin!
You kill the goblin!
You closely miss the goblin. You hit the rat.
You kill the rat!
The goblin hits you but does no damage. x2
You miss the goblin. The goblin closely misses you.
You hit the goblin.
The goblin is moderately wounded.
The goblin closely misses you. You block the goblin's attack.
You hit the goblin.
The goblin is moderately wounded.
You block the goblin's attack.
A dart slug comes into view.
You hit the goblin.
You kill the goblin!
A giant cockroach comes into view.
Found a scroll labelled UTHERR UHESCH.
You see here a rat corpse.
The dart slug launches a dart at you.
The slug dart hits you but does no damage.
The giant cockroach closely misses you.
You closely miss the giant cockroach.
The giant cockroach bites you but does no damage. x2
You slash the dart slug!
You kill the dart slug!
You hit the giant cockroach.
You kill the giant cockroach!
Your Axes skill increases to level 2!
You have reached level 2!
Your demonic ancestry asserts itself...
Your fingernails lengthen.
Health restored: 24; MP restored: 2
Things that are here:
a +0 club; a goblin corpse Are you sure you want to abandon this character and quit the game? (Confirm with "yes".)

##..... +....?# #.....# #.....#
#.....# #.....# #.....#
#.....###. #@†)......
##.####### #.# #.## #..#
################.##############
#..............................
#..............................
#...#######..###########..#####


There were no monsters in sight!

Vanquished Creatures
  A dart slug (D:1)
  A giant cockroach (D:1)
  2 goblins (D:1)
  A frilled lizard (D:1)
  A rat (D:1)
6 creatures vanquished.

Notes
Turn   | Place    | Note
-------+----------+-------------------------------------------
     0 | D:1      | tatocazan the Demonspawn Fighter began the quest for the
                  | Orb.
     0 | D:1      | Reached XP level 1. HP: 18/18 MP: 1/1
   180 | D:1      | Gained mutation: You have sharp fingernails. [demonic
                  | ancestry]
   180 | D:1      | Reached XP level 2. HP: 24/24 MP: 2/2
   182 | D:1      | Quit the game

Illustrated notes

Levels and vault maps discovered:
D:1:      dpeg_arrival_boxes_within_box, layout_basic, hangedman_decor_opposing

Skill      XL: |  1 |
---------------+----+-----
Axes           | 2 |  2.0
Fighting       | |  3.1
Armour         | |  2.8
Shields        | |  2.8

Action                   || total
-------------------------++-------
Melee: War axe           ||    18
Armor: Scale mail        ||    10
Dodge: Dodged            ||    10
Block: Buckler           ||     3

Table legend: (Time is in decaauts)
 A = Elapsed time spent in this place.
 B = Non-inter-level travel time spent in this place.
 C = Inter-level travel time spent in this place.
 D = Time resting spent in this place.
 E = Time spent auto-exploring this place.
 F = Levels seen in this place.
 G = Mean time per level.
                   A        B        C        D        E       F      G
               +--------+--------+--------+--------+--------+-----+--------+
         Total |    189 |    189 |      0 |      0 |    154 |   1 |  189.0 |
       Dungeon |    189 |    189 |      0 |      0 |    154 |   1 |  189.0 |
               +--------+--------+--------+--------+--------+-----+--------+

Top non-repeatable levels by time:
     D:1: 189 daAuts
